 Dungeon Crawl Stone Soup version 0.28.0-53-g5a82cb258f (webtiles) character file.

Game seed: 11042903876179696423

1924 quokkamancerX the Basher (level 8, -6/58 HPs)
             Began as a Demonspawn Berserker on June 2, 2022.
             Was an Elder of Trog.
             Killed from afar by an electric eel (10 damage)
             ... with a bolt of electricity
             ... on level 6 of the Dungeon on June 3, 2022.
             The game lasted 00:14:56 (4943 turns).

quokkamancerX the Basher (Demonspawn Berserker)     Turns: 4943, Time: 00:14:56

Health: -6/58      AC:  9    Str: 26    XL:     8   Next: 96%
Magic:  8/8        EV: 11    Int:  8    God:    Trog [****..]
Gold:   244        SH:  3    Dex: 13    Spells: 7/7 levels left

rFire   . . .      SeeInvis .   a - +0 flail
rCold   . . .      Faith    .   v - +0 buckler
rNeg    . . .      Spirit   .   c - +1 ring mail
rPois   .          Reflect  .   (helmet restricted)
rElec   .          Harm     .   (no cloak)
rCorr   .          Rampage  .   (no gloves)
Will    ++...                   (no boots)
Stlth   +.........              b - amulet of regeneration
HPRegen 1.99/turn               j - +6 ring of strength
MPRegen 0.11/turn               B - ring of flight

@: strong-willed, flying, regenerating
A: horns 2, molten scales 2, demonic guardian 2, powered by death 1
a: Renounce Religion, Berserk, Trog's Hand, Brothers in Arms


You were on level 6 of the Dungeon.
You worshipped Trog.
Trog was greatly pleased with you.
You visited 1 branch of the dungeon, and saw 6 of its levels.
You also visited: Ossuary.

You collected 244 gold pieces.

Inventory:

Hand Weapons
 a - a +0 flail (weapon)
Missiles
 l - 2 javelins (quivered)
Armour
 c - a +1 ring mail (worn)
 v - a +0 buckler (worn)
Jewellery
 b - an amulet of regeneration (around neck)
 j - a +6 ring of strength (left hand)
 q - an amulet of the acrobat
 z - an amulet of guardian spirit
 B - a ring of flight (right hand)
 C - a ring of resist corrosion
Wands
 m - a wand of digging (6)
 y - a wand of flame (28)
Scrolls
 e - a scroll of brand weapon
 f - 5 scrolls of teleportation
 h - a scroll of torment
 i - 3 scrolls of identify
 k - 2 scrolls of magic mapping
 p - a scroll of silence {unknown}
 r - a scroll of fear
 s - a scroll of fog {unknown}
 t - a scroll of immolation
 u - a scroll of blinking {unknown}
 w - 2 scrolls of enchant weapon
 W - a scroll of enchant armour
Potions
 d - 4 potions of degeneration {unknown}
 g - 2 potions of curing {unknown}
 n - 2 potions of ambrosia {unknown}
 o - a potion of haste {unknown}
 x - a potion of flight {unknown}
 A - a potion of brilliance {unknown}
 D - a potion of might {unknown}


   Skills:
 - Level 3.0 Fighting
 + Level 11.0 Maces & Flails
 - Level 1.7 Armour
 - Level 1.7 Dodging


You had 7 spell levels left.
You didn't know any spells.
Your spell library was empty.

Dungeon Overview and Level Annotations

Branches:
Dungeon (6/15)             Temple (0/1) D:5         Ossuary (visited)

Altars:
Trog

Shops:
D:5 (


Innate Abilities, Weirdness & Mutations

You have a pair of horns on your head.
You are mostly covered in molten scales. (AC +3)
A demonic guardian rushes to your aid.
You regenerate a little health from kills.


Message History

The bolt of electricity hits you!
You sock the electric eel!
The electric eel is moderately wounded.
You hit the electric eel. Your headbutt misses the electric eel.
The electric eel is heavily wounded.
You sock the electric eel!
You kill the electric eel!
Trog accepts your kill.
You hear a splash.
You see here an electric eel corpse. 2 electric eels come into view.
The electric eel shoots out a bolt of lightning at you!
The bolt of electricity hits you!
The electric eel shoots out a bolt of lightning at you!
The bolt of electricity hits you!
The bolt of electricity hits the plant!
The plant begins to die.
The electric eel shoots out a bolt of lightning at you!
The bolt of electricity hits you!
A water moccasin and an electric eel come into view.
The water moccasin hisses angrily.
The electric eel shoots out a bolt of lightning at you!
The bolt of electricity hits you.
The bolt of electricity hits the plant!
The electric eel shoots out a bolt of lightning at you!
The bolt of electricity hits you.
The bolt of electricity hits the plant!
The electric eel shoots out a bolt of lightning at you!
The bolt of electricity hits you!
* * * LOW HITPOINT WARNING * * *
A demonic guardian appears!
The bolt of electricity hits the plant!
The plant begins to die.
Okay, then.
Your skin crawls.
You feel strong-willed.
A nearby plant withers and dies.
The electric eel shoots out a bolt of lightning at you!
The bolt of electricity hits you!
* * * LOW HITPOINT WARNING * * *
The bolt of electricity hits the plant!
The electric eel shoots out a bolt of lightning at you!
The bolt of electricity hits you!
You die...

#≈P≈≈≈≈†P.≈≈♣#
♣P≈PPP≈≈≈.≈≈≈♣
#≈♣P≈≈P≈≈.≈≈≈♣♣
##P≈≈≈≈≈≈.≈≈≈P♣ #..
#♣≈≈≈≈≈≈.P≈≈P♣♣ #..
.≈♣♣♣≈≈≈.≈P†≈≈♣
.#.. ..
♣≈≈≈.≈≈≈≈≈♣♣♣ ...#
♣♣≈≈.≈≈≈≈P≈P♣ ...#
♣≈≈@≈≈≈≈≈≈P♣
..##.##
♣≈≈.≈≈≈≈≈PP≈≈#
.≈≈♣≈≈#
♣P4≈S≈≈≈≈≈≈P♣..
♣≈≈≈≈P♣
≈P≈≈≈SS.≈≈≈≈≈≈♣...
≈≈≈≈≈≈≈
≈≈≈≈P≈≈.≈P≈≈≈♣#...
P≈≈≈≈P≈
≈≈≈≈≈≈≈.≈≈≈≈≈.. ..
.......
.........≈≈♣.#.#
≈≈PP≈≈≈
≈≈≈≈≈≈S..♣♣#....
≈≈≈≈≈♣♣♣♣≈≈≈≈♣≈#..#
..


You could see a water moccasin, 3 electric eels and a friendly ice devil
(summoned).

Vanquished Creatures
  Grinder (D:5)
  A sky beast (D:6)
  A necrophage (D:5)
  A centaur (D:3)
  A phantom (D:6)
  A bullfrog (D:4)
  3 scorpions
  3 water moccasin zombies (Ossuary)
  A water moccasin skeleton (D:6)
  2 electric eels (D:6)
  A wight (D:5)
  2 hounds
  A bullfrog skeleton (D:6)
  An orc priest (D:6)
  A centaur skeleton (D:3)
  An iguana (D:5)
  4 orc wizards
  2 mummies (Ossuary)
  4 gnolls (D:3)
  5 adders
  5 adder zombies (Ossuary)
  3 worms (D:2)
  4 dart slugs
  10 orcs
  7 endoplasms
  3 giant cockroaches
  2 gnoll zombies (Ossuary)
  10 goblins
  7 hobgoblins
  11 kobolds
  2 quokkas
  10 ball pythons
  4 bats
  3 frilled lizards
  2 hobgoblin zombies (Ossuary)
  10 kobold zombies (Ossuary)
  5 orc zombies (Ossuary)
  7 rats
142 creatures vanquished.

Vanquished Creatures (collateral kills)
  Sigmund (D:5)
  An orc warrior (D:6)
  A gnoll shaman (D:3)
  A gnoll (D:3)
  An orc (D:6)
  A gnoll zombie (Ossuary)
  A frilled lizard (D:3)
7 creatures vanquished.

Vanquished Creatures (others)
  2 plants (D:6)
2 creatures vanquished.

Grand Total: 151 creatures vanquished

Notes
Turn   | Place    | Note
-------+----------+-------------------------------------------
     0 | D:1      | quokkamancerX the Demonspawn Berserker began the quest for
                  | the Orb.
     0 | D:1      | Reached XP level 1. HP: 18/18 MP: 1/1
   118 | D:1      | Reached skill level 3 in Maces & Flails
   459 | D:1      | Gained mutation: You are partially covered in molten
                  | scales. (AC +2) [demonic ancestry]
   459 | D:1      | Reached XP level 2. HP: 21/24 MP: 2/2
  1057 | D:1      | Gained mutation: You are mostly covered in molten scales.
                  | (AC +3) [demonic ancestry]
  1057 | D:1      | Reached XP level 3. HP: 29/29 MP: 3/3
  1179 | D:1      | Reached ** piety under Trog
  1517 | D:2      | Found a bloodstained altar of Trog.
  1590 | D:2      | Reached skill level 4 in Maces & Flails
  2067 | D:2      | Found a faded altar of an unknown god.
  2074 | D:2      | Gained mutation: A weak demonic guardian rushes to your
                  | aid. [demonic ancestry]
  2074 | D:2      | Reached XP level 4. HP: 35/35 MP: 4/4
  2294 | D:3      | Noticed a centaur
  2307 | D:3      | Killed a centaur
  2308 | D:3      | Reached skill level 5 in Maces & Flails
  2308 | D:3      | Gained mutation: A demonic guardian rushes to your aid.
                  | [demonic ancestry]
  2308 | D:3      | Reached XP level 5. HP: 41/41 MP: 5/5
  2419 | D:3      | Reached skill level 6 in Maces & Flails
  2458 | D:3      | Gained mutation: You have a pair of small horns on your
                  | head. [demonic ancestry]
  2458 | D:3      | Reached XP level 6. HP: 31/47 MP: 6/6
  2683 | D:3      | Reached *** piety under Trog
  3306 | D:4      | Found a sand-covered staircase.
  3315 | Ossuary  | Entered an ossuary
  3370 | Ossuary  | Reached skill level 7 in Maces & Flails
  3410 | Ossuary  | Gained mutation: You regenerate a little health from kills.
                  | [demonic ancestry]
  3410 | Ossuary  | Reached XP level 7. HP: 47/52 MP: 7/7
  3715 | D:4      | Reached **** piety under Trog
  3721 | D:4      | Reached skill level 8 in Maces & Flails
  3966 | D:5      | Entered Level 5 of the Dungeon
  3987 | D:5      | Noticed Sigmund
  4006 | D:5      | Killed Sigmund
  4087 | D:5      | Reached skill level 9 in Maces & Flails
  4087 | D:5      | Gained mutation: You have a pair of horns on your head.
                  | [demonic ancestry]
  4087 | D:5      | Reached XP level 8. HP: 58/58 MP: 8/8
  4218 | D:5      | Noticed Grinder
  4219 | D:5      | Found Viegiebbe's Weapon Boutique.
  4228 | D:5      | Killed Grinder
  4384 | D:5      | Found a staircase to the Ecumenical Temple.
  4581 | D:6      | Reached skill level 10 in Maces & Flails
  4891 | D:6      | Reached skill level 11 in Maces & Flails
  4942 | D:6      | HP: 2/58 [electric eel/bolt of electricity (10)]
  4943 | D:6      | Killed from afar by an electric eel

Illustrated notes

Levels and vault maps discovered:
D:1:      giann_bridges, layout_loops_corners
D:2:      layout_loops_ring, basic_altar, dilly_ecumenical_altar_fadedgnrine
D:3:      layout_loops_ring
D:4:      layout_cave_pools, nicolae_ossuary_entry_monument,
          hangedman_decor_diamond_cutter, ebering_dispersal_statue_hall,
          kennysheep_generic_room_6
D:5:      layout_rooms, minmay_temple_entry_enclosed_plants, serial_shops,
          shop_statue, kennysheep_generic_room_16, uniq_sigmund, uniq_grinder
D:6:      layout_loops_ring, serial_bayou_lagoon_b, uniq_blork_the_orc

Skill      XL: |  1  2  3  4  5  6  7  8 |
---------------+-------------------------+-----
Maces & Flails | 3 4 5 6 7 9 11 | 11.0
Fighting       | |  3.0
Armour         | |  1.7
Dodging        | |  1.7

Action                   |  1- 3 |  4- 6 |  7- 9 || total
-------------------------+-------+-------+-------++-------
Melee: Mace              |   153 |    28 |       ||   181
       Punch             |     3 |     1 |     1 ||     5
       Flail             |       |   115 |   154 ||   269
       Headbutt          |       |    13 |    23 ||    36
Invok: Berserk           |     1 |     2 |     2 ||     5
       Trog's Hand       |       |       |     2 ||     2
  Use: Scroll            |     1 |     4 |     3 ||     8
Armor: Ring mail         |    64 |    64 |    47 ||   175
       Animal skin       |     1 |       |       ||     1
Dodge: Dodged            |    97 |    72 |    50 ||   219
Block: Buckler           |       |       |     6 ||     6
